 Dungeon Crawl Stone Soup version 0.30-a0-881-g1ff12e1e11 (webtiles) character file.

Game seed: 8983993533506984077

99 gelatine the Shooter (level 4, -1/34 HPs)
             Began as a Demonspawn Hunter on Mar 15, 2023.
             Slain by an orc
             ... wielding a +0 whip
              (6 damage)
             ... on level 4 of the Dungeon.
             The game lasted 00:03:57 (1632 turns).

gelatine the Shooter (Demonspawn Hunter)            Turns: 1632, Time: 00:03:58

Health: -1/34      AC:  3    Str: 11    XL:     4   Next: 45%
Magic:  4/4        EV: 12    Int: 11    God:
Gold:   145        SH:  0    Dex: 18    Spells: 3/3 levels left

rFire   . . .      SeeInvis .    a - +0 shortbow
rCold   . . .      Faith    .    (shield currently unavailable)
rNeg    . . .      Spirit   .    c - +0 leather armour
rPois   .          Reflect  .    (no helmet)
rElec   .          Rampage  .    (no cloak)
rCorr   .                        (no gloves)
Will    +....                    (no boots)
Stlth   ++                       k - amulet of the acrobat
HPRegen 0.25/turn                r - ring of willpower
MPRegen 0.09/turn                (no ring)

@: mighty
A: foul stench 1, demonic touch 1
a: no special abilities


You were on level 4 of the Dungeon.
You visited 1 branch of the dungeon, and saw 4 of its levels.

You collected 145 gold pieces.

Inventory:

Hand Weapons
 a - a +0 shortbow (weapon)
Armour
 c - a +0 leather armour (worn)
Magical Staves
 h - a staff of conjuration
Jewellery
 k - an amulet of the acrobat (around neck)
 p - an amulet of magic regeneration
 r - a ring of willpower (left hand)
Wands
 m - a wand of mindburst (19)
 n - a wand of flame (22)
Scrolls
 b - 2 scrolls of immolation
 e - 2 scrolls of enchant armour {unknown}
 i - a scroll of magic mapping {unknown}
 l - a scroll of identify {unknown}
Potions
 f - a potion of flight {unknown}
 g - a potion of lignification {unknown}
 j - a potion of curing {unknown}
 o - a potion of brilliance {unknown}
 q - 2 potions of heal wounds {unknown}


   Skills:
 * Level 2.4 Fighting
 * Level 5.0 Ranged Weapons
 * Level 0.8 Armour
 * Level 2.0 Dodging
 + Level 0.8 Stealth


You had 3 spell levels left.
You didn't know any spells.
Your spell library contained the following spells:

 Spells                   Type           Power      Damage    Failure   Level
 Magic Dart               Conj           0%         1d3       43%         1
 Searing Ray              Conj           0%         2d4       56%         2
 Fulminant Prism          Conj/Hex       0%         3d5       99%         4


Dungeon Overview and Level Annotations

Branches:
Dungeon (4/15)
 Temple: D:4-7

Altars:

Shops:
D:1 [


Innate Abilities, Weirdness & Mutations

You may rarely emit foul miasma when damaged in melee.
Your touch may inflict minor irresistible damage on your foes.


Message History

The orc priest shouts!
The orc priest invokes the aid of Beogh against you.
Beogh smites you!
Found a longbow.
Found a stone staircase leading down.
The orc priest calls down the wrath of Beogh upon you.
Beogh smites you!
* * * LOW HITPOINT WARNING * * *
You hear a shout!
The orc attacks as you move away! The orc closely misses you.
It was a potion of might.
You feel very mighty all of a sudden. The orc hits you with a +0 whip.
* * * LOW HITPOINT WARNING * * *
You see here a +0 longbow.
There is a stone staircase leading down here.
The orc closely misses you.
You climb downwards.
Found 13 gold pieces and a quarterstaff.
There is a stone staircase leading up here.
You are too injured to fight recklessly!
Fire: a) +0 shortbow
Press: ? - help, Q - select action, (/) - cycle Shift-Dir - straight line, f - orc
Aim: an orc, wielding a +0 whip (64% to hit)
You shoot an arrow. The arrow hits the orc.
The orc is heavily wounded.
The orc hits you with a +0 whip.
* * * LOW HITPOINT WARNING * * *
Fire: a) +0 shortbow
Press: ? - help, Q - select action, (/) - cycle Shift-Dir - straight line, f/p - orc
Aim: an orc, wielding a +0 whip (heavily wounded, 64% to hit)
You shoot an arrow.
The arrow hits the orc but does no damage.
The orc is heavily wounded.
The orc closely misses you.
Fire: a) +0 shortbow
Press: ? - help, Q - select action, (/) - cycle Shift-Dir - straight line, f/p - orc
Aim: an orc, wielding a +0 whip (heavily wounded, 64% to hit)
You shoot an arrow. The arrow closely misses the orc.
The orc hits you with a +0 whip.
You die...

##
.
.##
).#
#.#
#.#
#.#
#@#
#o#
#.#
#.#
...
###


You could see an orc.

Vanquished Creatures
  5 adders
  3 dart slugs
  6 endoplasms
  2 giant cockroaches
  7 goblins
  5 hobgoblins
  3 quokkas
  3 ball pythons (D:1)
  2 bats
  A frilled lizard (D:1)
  3 kobolds
  9 rats
49 creatures vanquished.

Notes
Turn   | Place    | Note
-------+----------+-------------------------------------------
     0 | D:1      | gelatine the Demonspawn Hunter began the quest for the Orb.
     0 | D:1      | Reached XP level 1. HP: 16/16 MP: 1/1
   212 | D:1      | Found Wifuet's Antique Armour Shoppe.
   248 | D:1      | Reached skill level 4 in Ranged Weapons
   248 | D:1      | Gained mutation: You may rarely emit foul miasma when
                  | damaged in melee. [demonic ancestry]
   248 | D:1      | Reached XP level 2. HP: 22/22 MP: 2/2
   693 | D:2      | Gained mutation: Your touch may inflict minor irresistible
                  | damage on your foes. [demonic ancestry]
   693 | D:2      | Reached XP level 3. HP: 25/27 MP: 3/3
   974 | D:2      | Reached XP level 4. HP: 29/33 MP: 4/4
  1573 | D:3      | Reached skill level 5 in Ranged Weapons
  1632 | D:4      | Slain by an orc

Illustrated notes

Levels and vault maps discovered:
D:1:      dpeg_arrival_court, layout_basic, serial_shops, shop, nrook_campfire
D:2:      layout_basic, minmay_hexomino_f4
D:3:      layout_loops_ring, uniq_ijyb, uniq_crazy_yiuf_cottage
D:4:      layout_loops_ring, grunt_temple_overflow_open,
          mainiacjoe_overflow_cross_hatched, dancing_weapons_uskayaw,
          serial_rivers, chequers_serial_rivers_micro_a,
          chequers_serial_rivers_small_b, chequers_serial_rivers_marsh,
          chequers_serial_rivers_micro_b, chequers_serial_rivers_micro_e,
          chequers_serial_rivers_micro_b, serial_shops,
          nicolae_shop_bloodbath_and_beyond

Skill      XL: |  1  2  3  4 |
---------------+-------------+-----
Ranged Weapons | 4 5 |  5.0
Dodging        | 2 |  2.0
Fighting       | |  2.4
Armour         | |  0.8
Stealth        | |  0.8

Action                     |  1- 3 |  4- 6 || total
---------------------------+-------+-------++-------
   Fire: Shortbow          |    98 |    30 ||   128
    Use: Potion            |       |     1 ||     1
 Armour: Leather armour    |    14 |     1 ||    15
  Dodge: Dodged            |    28 |     4 ||    32

Table legend: (Time is in decaauts)
 A = Elapsed time spent in this place.
 B = Non-inter-level travel time spent in this place.
 C = Inter-level travel time spent in this place.
 D = Time resting spent in this place.
 E = Time spent auto-exploring this place.
 F = Levels seen in this place.
 G = Mean time per level.
                   A        B        C        D        E       F      G
               +--------+--------+--------+--------+--------+-----+--------+
         Total |   1671 |   1587 |     84 |      0 |   1284 |   4 |  417.8 |
       Dungeon |   1671 |   1587 |     84 |      0 |   1284 |   4 |  417.8 |
               +--------+--------+--------+--------+--------+-----+--------+

Top non-repeatable levels by time:
     D:2: 795 daAuts
     D:1: 687 daAuts
     D:3: 184 daAuts
     D:4: 3 daAuts
